 Dungeon Crawl Stone Soup version 0.25.1-2-g60ff931 (webtiles) character file.

Game seed: 5115967753919344114

1093 Darkleer the Scholar of Death (level 8, -3/58 HPs)
             Began as a Demonspawn Necromancer on Aug 12, 2020.
             Was a Follower of Kikubaaqudgha.
             Slain by a bullfrog (4 damage)
             ... on level 6 of the Dungeon.
             The game lasted 00:22:44 (8257 turns).

Darkleer the Scholar of Death (DsNe)                Turns: 8257, Time: 00:22:45

Health: -3/58      AC: -4    Str: 10    XL:     8   Next: 9%
Magic:  14/14      EV: 13    Int: 14    God:    Kikubaaqudgha [*.....]
Gold:   49         SH:  0    Dex: 20    Spells: 5/15 levels left

rFire    . . .     SeeInvis +   s - +0 morningstar of Fimbulwinter {drain, +Fly rElec MR+ Int-3} (curse)
rCold    . . .     Gourm    .   (no shield)
rNeg     . . .     Faith    .   g - +0 leather armour
rPois    .         Spirit   .   (helmet restricted)
rElec    +         Reflect  .   h - scarf {repulsion}
rCorr    .         Harm     .   (no gloves)
MR       +....                  (no boots)
Stlth    +++.......             (no amulet)
HPRegen  0.19/turn              q - +6 ring of dexterity
MPRegen  0.14/turn              x - ring of see invisible

@: about to teleport, corroded, flying, repel missiles
A: horns 2, nightstalker 1, powered by pain 1
a: Receive Corpses, Renounce Religion


You were on level 6 of the Dungeon.
You worshipped Kikubaaqudgha.
Kikubaaqudgha was aware of your devotion.
You were not hungry.

You visited 2 branches of the dungeon, and saw 8 of its levels.

You collected 256 gold pieces.
You spent 207 gold pieces at shops.

Inventory:

Hand Weapons
 b - a +0 whip
 n - a +2 whip of venom
 s - the cursed +0 morningstar of Fimbulwinter (weapon) {drain, +Fly rElec MR+ Int-3}
   (You bought it in a shop on level 6 of the Dungeon)

   A truly terrible weapon, it drains the life of those it strikes.
   It affects your intelligence (-3).
   It insulates you from electricity.
   It affects your resistance to hostile enchantments.
   It lets you fly.
   It has a curse placed upon it.
Missiles
 d - 128 stones (quivered)
 i - 2 datura-tipped darts
 t - 7 boomerangs of dispersal
 u - 13 poisoned darts
 y - 7 atropa-tipped darts
Armour
 a - a +0 robe
 g - a +0 leather armour (worn)
 h - a scarf of repulsion (worn)
Jewellery
 q - a +6 ring of dexterity (left hand)
 x - a ring of see invisible (right hand)
Wands
 v - a wand of digging (4)
Scrolls
 j - a scroll of blinking {unknown}
 k - a scroll of magic mapping {unknown}
 l - 2 scrolls of immolation {unknown}
 m - 2 scrolls of identify
 o - 5 scrolls of teleportation
 p - 2 scrolls of enchant weapon {unknown}
 w - a scroll of fog {unknown}
 z - a scroll of amnesia {unknown}
 C - a scroll of enchant armour {unknown}
Potions
 e - a potion of mutation {unknown}
 r - a potion of magic {unknown}
Comestibles
 c - 7 rations
 A - a chunk of flesh


   Skills:
 + Level 3.1 Fighting
 + Level 2.8 Maces & Flails
 + Level 2.4 Armour
 + Level 3.4 Dodging
 - Level 2.5 Stealth
 * Level 4.4 Spellcasting
 * Level 6.9 Necromancy


You had 5 spell levels left.
You knew the following spells:

 Your Spells              Type           Power        Failure   Level  Hunger
a - Pain                  Necr           ###.         1%          1    None
b - Animate Dead          Necr           N/A          14%         4    ####...
c - Agony                 Necr           ###.....     36%         5    ######.

Your spell library contained the following spells:

 Spells                   Type           Power        Failure   Level  Hunger
 Animate Skeleton         Necr           N/A          1%          1    None
 Sublimation of Blood     Necr           ###.......   2%          2    ##.....
 Vampiric Draining        Necr           ###.......   4%          3    ###....


Dungeon Overview and Level Annotations

Branches:
Dungeon (7/15)             Temple (1/1) D:4

Altars:
Ashenzari
Dithmenos
Elyvilon
Fedhas
Hepliaklqana
Kikubaaqudgha
Nemelex Xobeh
Okawaru
Qazlal
Ru
Vehumet
Wu Jian
Xom

Shops:
D:6 (


Innate Abilities, Weirdness & Mutations

You have a pair of horns on your head.
You are slightly more attuned to the shadows.
You sometimes gain a little power by taking damage.


Message History

* * * LOW HITPOINT WARNING * * *
You are splashed with acid!
* * * LOW HITPOINT WARNING * * *
You climb upwards.
There is a stone staircase leading down here.
There are monsters nearby!
You feel better. The bullfrog hits you.
* * * LOW HITPOINT WARNING * * *
The jelly misses you. The shadow imp hits you.
* * * LOW HITPOINT WARNING * * *
The bullfrog closely misses you.
As you read the scroll of teleportation, it crumbles to dust.
You feel strangely unstable. The bullfrog closely misses you.
The jelly misses you. The shadow imp hits you.
* * * LOW HITPOINT WARNING * * *
It was a potion of flight.
You feel very buoyant.
You fly up into the air.
The bullfrog hits you.
You die...
Kikubaaqudgha rasps: "You have failed me!
Welcome... death!"

##..# #..........#
#..########..........#
##.####.....)######.###
#..###..##.### #...#
####.##...###.# ###.###
##.............# #...#
##..#.##..#######
##.### ##.....#..##
######..# #######
#..#.....######J@F...##
#......
.....##..#.....5######
#......
...........######
#####......
.....##..###
####..........
.##.###..###
#....###.#####
...........# #.######.#
...........#########.#
#..#
.....................#
#.##
.....................#
###.#


You could see a bullfrog, a jelly and a shadow imp.

Vanquished Creatures
  An ice beast (D:4)
  A phantom (D:6)
  2 ogres
  A water moccasin zombie (D:5)
  2 scorpions (D:4)
  A howler monkey (D:6)
  2 crimson imps
  2 hounds (D:6)
  An orc priest (D:3)
  Terence (D:2)
  An iguana (D:4)
  An orc wizard (D:4)
  3 worker ants
  3 gnolls (D:3)
  6 adders
  2 adder skeletons (D:5)
  4 worms
  2 dart slugs
  6 leopard geckos
  16 orcs
  7 bats
  5 giant cockroaches
  3 goblins
  6 hobgoblins
  21 jackals
  7 kobolds
  4 quokkas
  4 frilled lizards
  7 rats
122 creatures vanquished.

Vanquished Creatures (collateral kills)
  A jelly (D:6)
  An orc priest (D:6)
  A bullfrog skeleton (D:6)
  A worker ant (D:6)
  A leopard gecko skeleton (D:4)
5 creatures vanquished.

Grand Total: 127 creatures vanquished

Notes
Turn   | Place    | Note
-------+----------+-------------------------------------------
     0 | D:1      | Darkleer the Demonspawn Necromancer began the quest for the
                  | Orb.
     0 | D:1      | Reached XP level 1. HP: 13/13 MP: 3/3
   866 | D:1      | Gained mutation: You have a pair of small horns on your
                  | head. [demonic ancestry]
   866 | D:1      | Reached XP level 2. HP: 18/19 MP: 5/5
  1811 | D:2      | Reached skill level 1 in Fighting
  1811 | D:2      | Reached XP level 3. HP: 22/26 MP: 2/6
  2105 | D:2      | Reached skill level 1 in Maces & Flails
  2276 | D:2      | Reached XP level 4. HP: 10/32 MP: 7/7
  2518 | D:2      | Noticed Terence
  2538 | D:2      | Killed Terence
  2538 | D:2      | Reached skill level 5 in Necromancy
  3585 | D:3      | Gained mutation: You sometimes gain a little power by
                  | taking damage. [demonic ancestry]
  3585 | D:3      | Reached XP level 5. HP: 22/37 MP: 5/8
  3591 | D:3      | Learned a level 4 spell: Animate Dead
  4273 | D:3      | Reached skill level 1 in Armour
  4652 | D:4      | Noticed an ice beast
  4676 | D:4      | HP: 1/38 [orc/+0 trident (2)]
  4689 | D:4      | Killed an ice beast
  4689 | D:4      | Reached XP level 6. HP: 19/44 MP: 10/10
  5301 | D:4      | Found a staircase to the Ecumenical Temple.
  5310 | Temple   | Entered the Ecumenical Temple
  5331 | Temple   | Became a worshipper of Kikubaaqudgha
  5580 | D:4      | Reached skill level 6 in Necromancy
  6405 | D:5      | Entered Level 5 of the Dungeon
  6551 | D:5      | Gained mutation: You are slightly more attuned to the
                  | shadows. [demonic ancestry]
  6551 | D:5      | Reached XP level 7. HP: 49/51 MP: 12/12
  6803 | D:5      | Found an iron altar of Okawaru.
  6988 | D:5      | Reached * piety under Kikubaaqudgha
  6988 | D:5      | Identified Kikubaaqudgha's Volume of Evil (Kikubaaqudgha
                  | gifted it to you on level 5 of the Dungeon)
  6988 | D:5      | Received a gift from Kikubaaqudgha
  6999 | D:5      | Learned a level 5 spell: Agony
  7050 | D:5      | Found a shadowy altar of Dithmenos.
  7204 | D:5      | Found a sacrificial altar of Ru.
  7569 | D:6      | Found Acvecwi's Antique Weapon Boutique.
  7584 | D:6      | Bought an iridescent morningstar for 207 gold pieces
  7584 | D:6      | Identified the cursed +0 morningstar of Fimbulwinter
                  | {drain, +Fly rElec MR+ Int-3} (You bought it in a shop on
                  | level 6 of the Dungeon)
  7705 | D:6      | Gained mutation: You have a pair of horns on your head.
                  | [demonic ancestry]
  7705 | D:6      | Reached XP level 8. HP: 27/58 MP: 9/14
  8253 | D:7      | HP: 1/58 [acid (8)]
  8257 | D:6      | Slain by a bullfrog

Illustrated notes

Levels and vault maps discovered:
D:1:      matt_arrival_spirals, layout_loops_corners
D:2:      layout_loops_ring, first_ration, hangedman_abyss_or_decor_lesser_grid,
          minmay_tiny_reverse_x, uniq_terence
D:3:      layout_basic
D:4:      layout_loops_cross, minmay_temple_entry_statues_pillars,
          dk_noncrumbling_4, minivault_19, grunt_ministairs_5
D:5:      layout_cave_pods, lemuel_round_altar, lemuel_crystal_altar,
          nicolae_ru_the_path_less_chosen
D:6:      layout_rooms, serial_shops, shop
D:7:      layout_cave_pods
Temple:   regret_index_temple_mists

Skill      XL: |  1  2  3  4  5  6  7 |
---------------+----------------------+-----
Stealth        | 2 |  2.5
Fighting       | 1 2 3 |  3.1
Maces & Flails | 1 2 |  2.8
Dodging        | 2 3 |  3.4
Necromancy     | 5 6 |  6.9
Armour         | 1 2 |  2.4
Spellcasting   | 3 4 |  4.4

Action                   |  1- 3 |  4- 6 |  7- 9 || total
-------------------------+-------+-------+-------++-------
Melee: Unarmed           |    28 |       |       ||    28
       Whip              |    94 |   183 |    45 ||   322
       Headbutt          |     6 |    27 |    19 ||    52
       Morningstar       |       |       |    40 ||    40
 Cast: Pain              |    16 |    28 |     1 ||    45
       Animate Dead      |       |     5 |     6 ||    11
  Use: Scroll            |     2 |     4 |     2 ||     8
       Potion            |       |     8 |     2 ||    10
 Stab: Sleeping          |     7 |     3 |     3 ||    13
       Distracted        |       |     1 |       ||     1
  Eat: Ration            |     3 |     2 |     3 ||     8
       Chunk             |     1 |     1 |       ||     2
Armor: Robe              |    12 |       |       ||    12
       Leather armour    |     9 |    33 |     7 ||    49
       Skin              |       |    16 |       ||    16
Dodge: Dodged            |    81 |   143 |    58 ||   282
